Map: 2000 Atmospheres LE

Players

ShaDoWn

  • Race: Protoss Protoss

Serral - Winner!

  • Race: Zerg Zerg

Event: DreamHack SC2 Masters 2021 Fall

VOD

Have the link to the VOD?

Description

Time

  • Played on: July 29, 2021, 12:24 p.m.
  • Length: 9:33

All games in this series

Show
View Real Time Build Order
Export as new Build Order

ShaDoWn Protoss 

Build Orders: 1 Gate Expand, Oracle Opening 

Get SALT Encoding   

  12  0:00  Probe  
  13  0:12  Probe  
  14  0:19  Pylon  
  14  0:24  Probe  
  15  0:37  Probe (Chrono Boost)  
  15  0:40  Gateway  
  16  0:47  Probe (Chrono Boost)  
  16  0:49  Assimilator  
  17  0:52  Probe (Chrono Boost)  
  18  1:03  Probe  
  19  1:15  Probe  
  20  1:28  Nexus  
  20  1:38  Cybernetics Core  
  20  1:41  Probe  
  21  1:47  Assimilator  
  21  1:53  Probe  
  22  1:55  Pylon  
  22  2:06  Probe (Chrono Boost)  
  23  2:15  Adept  
  25  2:18  Probe (Chrono Boost)  
  25  2:19  Stargate  
  26  2:26  Probe (Chrono Boost)  
  26  2:27  Warp Gate  
  27  2:33  Probe (Chrono Boost)  
  28  2:42  Probe (Chrono Boost)  
  29  2:45  Adept, Probe (Chrono Boost)  
  33  2:51  Probe (Chrono Boost)  
  33  2:52  Probe (Chrono Boost)  
  33  2:56  Void Ray (Chrono Boost), Probe (Chrono Boost)  
  35  2:59  Probe  
  40  3:08  Probe  
  41  3:13  Pylon, Probe  
  42  3:20  Probe  
  42  3:21  Twilight Council  
  43  3:27  Gateway  
  43  3:30  Probe  
  43  3:32  Probe  
  45  3:36  Gateway  
  45  3:42  Probe  
  45  3:44  Gateway  
  45  3:47  Probe  
  47  3:50  Oracle (Chrono Boost)  
  50  4:02  Resonating Glaives (Chrono Boost)  
  50  4:09  Nexus  
  50  4:12  Pylon  
  50  4:22  Adept x2  
  54  4:25  Pylon  
  54  4:30  Probe x2  
  56  4:32  Adept  
  56  4:34  Pylon  
  58  4:39  Adept  
  58  4:42  Probe x2  
  62  4:46  Adept x2  
  66  4:55  Adept  
  66  4:56  Probe  
  66  4:58  Pylon  
  66  4:59  Probe  
  70  5:02  Adept  
  72  5:08  Probe  
  72  5:11  Probe  
  74  5:17  Assimilator  
  74  5:18  Assimilator  
  74  5:20  Stargate, Probe  
  72  5:21  Probe (Chrono Boost)  
  72  5:24  Probe (Chrono Boost)  
  69  5:32  Probe (Chrono Boost)  
  69  5:33  Void Ray, Probe (Chrono Boost)  
  70  5:41  Probe x3 (Chrono Boost)  
  76  5:44  Forge  
  76  5:46  Shield Battery, Probe (Chrono Boost)  
  76  5:47  Probe x2  
  79  5:58  Probe  
  79  5:59  Probe x2  
  79  6:00  Void Ray (Chrono Boost)  
  79  6:04  Assimilator x2, Pylon  
  81  6:09  Void Ray (Chrono Boost)  
  81  6:10  Probe  
  86  6:11  Probe  
  86  6:12  Probe  
  86  6:16  Pylon  
  92  6:22  Probe  
  92  6:23  Probe  
  94  6:28  Probe  
  94  6:29  Robotics Facility  
  95  6:34  Pylon, Void Ray (Chrono Boost), Probe  
  95  6:35  Photon Cannon, Probe  
  95  6:39  Void Ray (Chrono Boost)  
  101  6:45  Photon Cannon  
  101  6:46  Shield Battery  
  105  6:49  Pylon  
  105  7:04  Void Ray  
  105  7:11  Protoss Air Weapons Level 1  
  109  7:18  Adept x2  
  109  7:19  Adept  
  115  7:23  Photon Cannon  
  115  7:24  Photon Cannon  
  115  7:25  Nexus, Observer  
  115  7:26  Robotics Bay  
  115  7:27  Pylon  
  116  7:31  Probe  
  116  7:34  Void Ray, Probe  
  118  7:41  Void Ray  
  118  7:50  Probe  
  119  7:53  Probe  
  115  8:01  Sentry  
  115  8:02  Stalker x2  
  117  8:07  Probe  
  117  8:09  Probe x2  
  118  8:19  Probe  
  123  8:21  Probe  
  123  8:22  Probe  
  123  8:24  Phoenix (Chrono Boost)  
  119  8:31  Photon Cannon, Probe  
  119  8:33  Phoenix (Chrono Boost)  
  119  8:34  Photon Cannon, Stargate, Probe x2  
  112  8:35  Photon Cannon  
  112  8:36  Photon Cannon  
  112  8:38  Shield Battery  
  112  8:39  Shield Battery  
  112  8:40  Photon Cannon  
  112  8:42  Adept x3  
  112  8:43  Probe  
  112  8:44  Phoenix (Chrono Boost)  
  112  8:46  Probe x2  
  114  8:49  Phoenix (Chrono Boost)  
  114  8:55  Probe  
  101  8:58  Probe x2  
  101  9:00  Phoenix (Chrono Boost)  
  98  9:05  Adept x3  
  98  9:07  Probe  
  97  9:10  Probe x2  
  92  9:19  Probe  
  92  9:22  Pylon  
Show
View Real Time Build Order
Export as new Build Order

Serral Zerg - Winner!

Build Orders: Hatch First 

Get SALT Encoding   

  12  0:00  Drone  
  13  0:12  Overlord  
  13  0:16  Drone  
  14  0:30  Drone x2  
  16  0:49  Hatchery  
  15  0:51  Drone  
  15  0:54  Drone  
  17  0:57  Drone  
  18  1:08  Extractor  
  17  1:13  Spawning Pool  
  17  1:16  Drone  
  17  1:19  Drone  
  18  1:28  Drone  
  19  1:39  Drone  
  20  1:50  Overlord  
  20  2:00  Queen  
  22  2:01  Queen  
  22  2:02  Zergling x4  
  26  2:10  Drone  
  26  2:11  Drone  
  26  2:12  Metabolic Boost  
  28  2:21  Drone  
  28  2:22  Drone  
  30  2:35  Queen  
  32  2:42  Hatchery  
  31  2:44  Drone  
  31  2:45  Drone  
  31  2:50  Overlord  
  33  2:54  Drone  
  33  2:55  Drone  
  33  2:57  Drone  
  36  3:07  Overlord  
  36  3:10  Drone  
  36  3:11  Drone  
  36  3:12  Drone x2  
  39  3:14  Drone x2  
  39  3:17  Drone  
  42  3:20  Drone  
  42  3:24  Queen  
  45  3:28  Queen  
  45  3:32  Spore Crawler  
  46  3:35  Overlord  
  46  3:36  Drone  
  46  3:40  Zergling x4  
  49  3:42  Zergling x2  
  49  3:43  Zergling x2  
  49  3:48  Overlord  
  51  3:49  Overlord  
  51  3:54  Drone x3  
  54  3:56  Drone  
  54  3:59  Spore Crawler  
  54  4:03  Drone x2  
  54  4:09  Drone x2  
  58  4:10  Queen  
  58  4:16  Drone x4  
  64  4:18  Drone  
  65  4:24  Zergling x2  
  65  4:25  Drone, Overlord  
  65  4:26  Drone  
  65  4:31  Roach Warren, Overlord  
  67  4:35  Drone  
  67  4:37  Drone  
  69  4:39  Drone  
  69  4:41  Spore Crawler  
  69  4:42  Lair  
  69  4:44  Extractor  
  69  4:45  Extractor  
  67  4:46  Drone x3  
  67  4:48  Drone  
  67  4:50  Drone x3  
  74  4:57  Zergling x2  
  74  4:58  Drone x3, Overlord  
  77  5:02  Drone  
  77  5:06  Evolution Chamber  
  76  5:12  Roach x3  
  88  5:14  Roach x3  
  88  5:22  Evolution Chamber, Roach x3  
  88  5:23  Evolution Chamber  
  87  5:31  Roach  
  87  5:32  Roach  
  87  5:35  Drone x4  
  97  5:38  Extractor x2  
  95  5:43  Drone  
  95  5:44  Drone  
  95  5:47  Overlord x2  
  97  5:52  Overlord  
  97  5:55  Overlord  
  97  5:59  Overlord  
  97  6:00  Overlord  
  97  6:05  Extractor  
  97  6:06  Drone x5  
  97  6:08  Glial Reconstitution  
  97  6:09  Zerg Melee Weapons Level 1  
  97  6:10  Drone  
  102  6:13  Drone x3  
  102  6:16  Overseer  
  107  6:18  Drone x2  
  107  6:27  Hatchery, Spire  
  107  6:31  Overlord  
  105  6:34  Overseer  
  105  6:35  Baneling Nest  
  105  6:36  Drone  
  105  6:37  Drone x3  
  108  6:41  Overlord  
  108  6:43  Drone x3  
  111  6:50  Drone x2  
  112  7:04  Drone x2  
  112  7:05  Zergling x14  
  112  7:06  Extractor x2  
  119  7:10  Overlord  
  119  7:13  Queen x3  
  119  7:15  Overlord  
  124  7:26  Zergling x18  
  124  7:28  Overlord  
  133  7:31  Infestation Pit  
  133  7:32  Overlord  
  132  7:41  Queen  
  128  7:51  Mutalisk x11  
  144  8:05  Mutalisk x4  
  137  8:11  Mutalisk x2  
  138  8:13  Queen x2  
  138  8:16  Queen  
  144  8:24  Mutalisk x2, Overlord  
  146  8:34  Drone x2  
  146  8:35  Drone x2  
  146  8:36  Zergling x20  
  152  8:48  Mutalisk  
  152  8:49  Mutalisk x2  
  152  8:54  Corruptor  
  152  9:03  Corruptor x2  
  152  9:06  Hatchery  

Tags
 
Add a new tag
Caveats
  • Supply blocks, unpowered buildings, or Contaminate may cause inaccurate times.
  • Supply counts are checked every 10 seconds.